 Seeded DCSS version 0.31-a0-175-g9f7f995f2b (webtiles) character file.

Game seed: 5100242200709672604 (custom seed)

236 innerfire43 the Poker (level 5, -6/41 HPs)
             Began as a Demonspawn Monk on June 17, 2023.
             Killed by nerve-wracking pain
             ... invoked by an orc priest
              (14 damage)
             ... on level 3 of the Dungeon.
             The game lasted 00:03:03 (2157 turns).

innerfire43 the Poker (Demonspawn Monk)             Turns: 2157, Time: 00:03:04

Health: -6/41      AC:  5    Str: 14    XL:     5   Next: 77%
Magic:  5/5        EV: 13    Int: 11    God:
Gold:   97         SH:  0    Dex: 15    Spells: 4/4 levels left

rFire   . . .        i - +0 trident
rCold   . . .        d - orb {light}
rNeg    . . .        b - +0 robe
rPois   .            (no helmet)
rElec   .            (no cloak)
rCorr   .            l - +0 pair of gloves
SInv    .            (no boots)
Will    .....        (no amulet)
Stlth   +            (no ring)
HPRegen 0.26/turn    (no ring)
MPRegen 0.09/turn

%: no passive effects
@: confused, ambrosia-drunk, glowing
A: icy blue scales 1, demonic magic 2
a: no special abilities


You were on level 3 of the Dungeon.
You visited 1 branch of the dungeon, and saw 3 of its levels.

You collected 97 gold pieces.

Inventory:

Hand Weapons
 a - a +0 spear
 i - a +0 trident (weapon)
Armour
 b - a +0 robe (worn)
 d - an orb of light (worn)
 l - a +0 pair of gloves (worn)
Jewellery
 n - the amulet "Temmot" {Acrobat rN+}
   (You found it on level 2 of the Dungeon)

   [amulet of the acrobat]

   It increases your evasion while moving and waiting.
   rN:        It protects you from negative energy.
Scrolls
 g - a scroll of vulnerability {unknown}
 o - a scroll of enchant armour {unknown}
 p - 3 scrolls of identify {unknown}
Potions
 e - a potion of lignification {unknown}
 f - a potion of berserk rage {unknown}
 h - 3 potions of resistance {unknown}
 j - 3 potions of haste {unknown}
 k - a potion of mutation {unknown}
 m - a potion of curing {unknown}


   Skills:
 + Level 3.6 Fighting
 * Level 5.3 Polearms
 + Level 3.2 Dodging
 + Level 0.2 Stealth


You had 4 spell levels left.
You didn't know any spells.
Your spell library was empty.

Dungeon Overview and Level Annotations

Branches:
Dungeon (3/15)

Altars:


Innate Abilities, Weirdness & Mutations

You are partially covered in icy blue scales. (AC +2)
Spells you cast may paralyse nearby enemies.


Message History

The orc priest invokes the aid of Beogh against you.
Pain shoots through your body!
You are too injured to fight recklessly!
You are too injured to fight recklessly!
The orc priest casts a cantrip, but nothing happens.
You puncture the orc priest!
You kill the orc priest!
The orc priest looks braver for a moment.
The orc priest hits you with a +0 dagger.
You see here a +0 flail.
You hit the orc priest but do no damage.
The orc priest barely misses you. The orc hits you but does no damage.
The orc hits you with a +0 flail.
You hit the orc priest.
The orc priest is moderately wounded.
The orc priest hits you with a +0 dagger.
* * * LOW HITPOINT WARNING * * *
The orc barely misses you. x2
You hit the orc priest.
The orc priest is heavily wounded.
The orc priest completely misses you. The orc barely misses you. x2
You are confused.
You feel invigorated. The orc priest misses you. The orc misses you.
The orc hits you with a +0 flail!
* * * LOW HITPOINT WARNING * * *
You're too confused to move!
The orc priest hits you with a +0 dagger.
* * * LOW HITPOINT WARNING * * *
The orc hits you with a +0 hand axe.
* * * LOW HITPOINT WARNING * * *
The orc hits you but does no damage.
You hit the orc priest but do no damage.
The orc priest is heavily wounded.
The orc priest looks satisfied for a moment.
The orc hits you but does no damage. The orc hits you with a +0 flail.
* * * LOW HITPOINT WARNING * * *
You bump into the rock wall.
The orc priest calls down the wrath of Beogh upon you.
Pain shoots through your body!
You die...

.......
##.#...########
~⌠~⌠⌠~.####.#..#
...~.........#########
#.⌠.###....#........#
#.⌠.###.####.######.#
#............# #.###
o.oP.~.##..######
#.#.## o.oP~~. #oo#
#[.#.. ....... #o@#
#.#.## .##.### #..#
#.#.# ... #..# #...#
### #..# #.### #..#
#.#### #..# ......
.... ....... #.... .)
.... .#.... ..8.


You could see an orc priest and 2 orcs.

Vanquished Creatures
  A bullfrog (D:3)
  2 orc priests (D:3)
  3 gnolls (D:2)
  2 adders (D:2)
  2 dart slugs
  3 orcs
  10 endoplasms
  2 giant cockroaches
  6 goblins
  6 hobgoblins
  4 kobolds
  4 quokkas
  A ball python (D:3)
  7 bats
  2 frilled lizards (D:1)
  6 rats
61 creatures vanquished.

Notes
Turn   | Place    | Note
-------+----------+-------------------------------------------
     0 | D:1      | innerfire43 the Demonspawn Monk began the quest for the
                  | Orb.
     0 | D:1      | Reached XP level 1. HP: 18/18 MP: 1/1
   197 | D:1      | Gained mutation: Spells you cast may paralyse adjacent
                  | enemies. [demonic ancestry]
   197 | D:1      | Reached XP level 2. HP: 24/24 MP: 2/2
   239 | D:1      | Reached skill level 3 in Polearms
   598 | D:1      | Reached XP level 3. HP: 29/29 MP: 3/3
   952 | D:2      | Gained mutation: Spells you cast may paralyse nearby
                  | enemies. [demonic ancestry]
   952 | D:2      | Reached XP level 4. HP: 18/35 MP: 4/4
  1026 | D:2      | Reached skill level 4 in Polearms
  1309 | D:2      | Identified the amulet "Temmot" {Acrobat rN+}
  1746 | D:3      | Gained mutation: You are partially covered in icy blue
                  | scales. (AC +2) [demonic ancestry]
  1746 | D:3      | Reached XP level 5. HP: 17/41 MP: 5/5
  2039 | D:3      | Reached skill level 5 in Polearms
  2157 | D:3      | Killed from afar by an orc priest

Illustrated notes

Levels and vault maps discovered:
D:1:      onia_arrival_mini_spirals, layout_rooms, st_stairs_4,
          chequers_serial_rivers_large_a, minmay_misc_feat_rows,
          dk_noncrumbling_3
D:2:      cheibrodos_old_hovel, layout_loops_cross, st_stairs_11
D:3:      wad_pebble_path, layout_loops_ring, fedhas_altar_2,
          shapermc_ecumenical_altar_acropolis, st_stairs_12

Skill      XL: |  1  2  3  4  5 |
---------------+----------------+-----
Polearms       | 3 4 5 |  5.3
Dodging        | 3 |  3.2
Fighting       | |  3.6
Stealth        | |  0.2

Action                     |  1- 3 |  4- 6 || total
---------------------------+-------+-------++-------
  Melee: Spear             |    18 |       ||    18
         Trident           |    84 |    68 ||   152
    Use: Potion            |       |     1 ||     1
 Armour: Robe              |    14 |    13 ||    27
  Dodge: Dodged            |    53 |    40 ||    93

Table legend: (Time is in decaauts)
 A = Elapsed time spent in this place.
 B = Non-inter-level travel time spent in this place.
 C = Inter-level travel time spent in this place.
 D = Time resting spent in this place.
 E = Time spent auto-exploring this place.
 F = Levels seen in this place.
 G = Mean time per level.
                   A        B        C        D        E       F      G
               +--------+--------+--------+--------+--------+-----+--------+
         Total |   2180 |   2141 |     39 |      0 |   1782 |   3 |  726.7 |
       Dungeon |   2180 |   2141 |     39 |      0 |   1782 |   3 |  726.7 |
               +--------+--------+--------+--------+--------+-----+--------+

Top non-repeatable levels by time:
     D:2: 1070 daAuts
     D:1: 673 daAuts
     D:3: 435 daAuts
